 Dungeon Crawl Stone Soup version 0.30.0-29-ga12c61a403 (webtiles) character file.

Game seed: 15723644976437705827

91 bmack86 the Chopper (level 4, -2/58 HPs)
             Began as a Minotaur Fighter on June 10, 2023.
             Slain by an orc priest
             ... wielding a +0 whip
              (4 damage)
             ... on level 3 of the Dungeon.
             The game lasted 00:08:24 (2405 turns).

bmack86 the Chopper (Minotaur Fighter)              Turns: 2405, Time: 00:08:25

Health: -2/58      AC: 22    Str: 23    XL:     4   Next: 34%
Magic:  3/3        EV:  2    Int:  5    God:
Gold:   204        SH:  4    Dex:  9    Spells: 3/3 levels left

rFire   . . .        a - +0 war axe
rCold   . . .        c - +0 buckler
rNeg    . . .        b - melded +0 scale mail
rPois   +            (helmet currently unavailable)
rElec   .            (cloak currently unavailable)
rCorr   .            q - melded +1 pair of gloves
SInv    .            (boots currently unavailable)
Will    .....        (no amulet)
Stlth   +            s - ring of flight
HPRegen 0.29/turn    u - ring of poison resistance
MPRegen 0.08/turn

%: no passive effects
@: tree-form
A: stationary, stasis, torment immunity, boosted hp, (horns 2), (retaliatory
headbutt)
a: no special abilities


You were on level 3 of the Dungeon.
You were a tree.
You visited 1 branch of the dungeon, and saw 3 of its levels.

You collected 204 gold pieces.

Inventory:

Hand Weapons
 a - a +0 war axe (weapon)
Missiles
 f - 2 boomerangs (quivered)
Armour
 b - a +0 scale mail (melded)
 c - a +0 buckler (worn)
 q - a +1 pair of gloves (melded)
Jewellery
 s - a ring of flight (left branch)
 u - a ring of poison resistance (right branch)
Wands
 p - a wand of digging (2)
Scrolls
 g - 2 scrolls of enchant weapon {unknown}
 h - a scroll of noise {unknown}
 k - a scroll of torment {unknown}
 n - 2 scrolls of teleportation {unknown}
 x - 4 scrolls of enchant armour {unknown}
Potions
 d - a potion of might
 e - a potion of cancellation
 i - 2 potions of flight
 j - a potion of resistance
 l - a potion of mutation {unknown}
 m - a potion of lignification
 o - a potion of haste {unknown}
 r - a potion of invisibility {unknown}
 t - 2 potions of heal wounds {unknown}
 v - a potion of magic {unknown}
 w - a potion of curing {unknown}


   Skills:
 - Level 3.6 Fighting
 + Level 5.6 Axes
 - Level 3.6 Armour
 - Level 3.6 Shields


You had 3 spell levels left.
You didn't know any spells.
Your spell library contained the following spells:

 Spells                   Type           Power      Damage    Failure   Level
 Static Discharge         Conj/Air       0%         2-2/arc   67%         2
 Airstrike                Air            0%         2d(0-16)  99%         4
 Summon Lightning Spire   Summ/Air       0%         N/A       99%         4


Dungeon Overview and Level Annotations

Branches:
Dungeon (3/15)

Altars:
Yredelemnul

Shops:
D:1 =   D:2 [!=!(


Innate Abilities, Weirdness & Mutations

You are a tree.
Your roots penetrate the ground, keeping you stationary.
You cannot be teleported.
You are immune to unholy pain and torment.
Your maximum health is greatly increased.
Your equipment is partially melded.
((You have a pair of horns on your head.))
((You reflexively headbutt those who attack you in melee.))


Message History

You barely miss the orc.
The orc is severely wounded.
The orc hits you but does no damage. You block the orc's attack.
You barely miss the orc. You headbutt the orc.
You kill the orc!
You hit the orc priest but do no damage.
You headbutt the orc priest, but do no damage.
The orc priest hits you with a +0 whip.
You barely miss the orc priest. The orc priest closely misses you.
You hit the orc priest.
The orc priest is moderately wounded.
The orc priest hits you with a +0 whip. The orc priest closely misses you.
You closely miss the orc priest. Your headbutt misses the orc priest.
The orc priest is moderately wounded.
The orc priest barely misses you. You furiously retaliate!
You headbutt the orc priest, but do no damage.
You barely miss the orc priest.
The orc priest is moderately wounded.
The orc priest invokes the aid of Beogh against you.
Beogh smites you!
You hit the orc priest but do no damage.
The orc priest is lightly wounded.
The orc priest calls down the wrath of Beogh upon you.
Beogh smites you!
* * * LOW HITPOINT WARNING * * *
You block the orc priest's attack.
You completely miss the orc priest.
The orc priest is lightly wounded.
The orc priest calls down the wrath of Beogh upon you.
Beogh smites you!
* * * LOW HITPOINT WARNING * * *
You hit the orc priest but do no damage.
Your headbutt misses the orc priest.
The orc priest is lightly wounded.
The orc priest barely misses you.
It was a potion of lignification.
You turn into a tree.
Your +1 pair of gloves melds into your body.
Your +0 scale mail melds into your body.
Your roots penetrate the ground.
The orc priest hits you with a +0 whip.
You die...

.#.# #.##.##.#..# #.##.# #.# #
.#.###.|.)......###.##.# #.# #
....##.....<..)...# #.# #.###
.#.######.##.##.#.# #.# #....
.............##. .# #.# #####
...######.#####.#.# ..# #
..........# .o. #
....############o# #
..>...........##♣#
............#.##.#####.
.....#####.............#
............####.######...#######
##...#(.)#..# #.# #........
#...#().#..# #.# ..####...
#...#####..# #.# #...
#..........# #.# #####...
#..........# #.# ........


You could see an orc priest and an orc.

Vanquished Creatures
  3 adders
  2 worms (D:2)
  2 dart slugs
  An orc (D:3)
  4 ball pythons
  5 bats
  5 endoplasms
  8 goblins
  4 hobgoblins
  5 quokkas
  3 frilled lizards (D:2)
  5 kobolds
  3 rats
50 creatures vanquished.

Notes
Turn   | Place    | Note
-------+----------+-------------------------------------------
     0 | D:1      | bmack86 the Minotaur Fighter began the quest for the Orb.
     0 | D:1      | Reached XP level 1. HP: 19/19 MP: 0/0
   152 | D:1      | Reached skill level 3 in Axes
   192 | D:1      | Reached XP level 2. HP: 26/26 MP: 1/1
   201 | D:1      | Found Alyok's Jewellery Shop.
   669 | D:1      | Reached skill level 4 in Axes
   884 | D:2      | Found Funlual's Antique Armour Shoppe.
   910 | D:2      | Found Rixuyq's Distillery.
   919 | D:2      | Reached XP level 3. HP: 10/31 MP: 2/2
  1169 | D:2      | Found Qiepuheb's Distillery.
  1178 | D:2      | Found Hutynaedd's Weapon Shoppe.
  1357 | D:2      | Reached skill level 5 in Axes
  1422 | D:2      | Found Qycvazes's Jewellery Emporium.
  1825 | D:2      | Found a basalt altar of Yredelemnul.
  2176 | D:3      | Reached XP level 4. HP: 39/39 MP: 3/3
  2403 | D:3      | HP: 1/39 [orc priest/divine providence (10)]
  2405 | D:3      | Slain by an orc priest

Illustrated notes

Levels and vault maps discovered:
D:1:      nzn_arrival_depleted_hourglass, layout_loops_corners, serial_shops,
          nicolae_shop_gaudy_bauble, chequers_serial_rivers_micro_d
D:2:      layout_basic, serial_shops, nicolae_shop_getting_attention,
          nicolae_shop_scrapyard, nicolae_shop_temple_entry_statues_fountains,
          shop, nicolae_shop_rolling_square, basic_altar, minmay_cupped
D:3:      layout_loops_ring, serial_glass, glass_columns_a, glass_columns_a,
          due_unseen_surprise, item_on_display_a, serial_bayou_lake_a

Skill      XL: |  1  2  3 |
---------------+----------+-----
Axes           | 3 4 5 |  5.6
Fighting       | |  3.6
Armour         | |  3.6
Shields        | |  3.6

Action                     |  1- 3 |  4- 6 || total
---------------------------+-------+-------++-------
  Melee: War axe           |    90 |    20 ||   110
         Headbutt          |    10 |     2 ||    12
  Throw: Boomerang         |     3 |     1 ||     4
  Evoke: Wand              |       |     2 ||     2
    Use: Scroll            |     3 |       ||     3
         Potion            |       |     1 ||     1
 Armour: Scale mail        |    47 |     9 ||    56
  Dodge: Dodged            |    48 |     7 ||    55
  Block: Buckler           |    22 |     3 ||    25
